Cogmind - Beta 13 @@@ ROGUE MODE // 2024.04.03 @ 22:28:09 Player: stenky Result: Self-destructed Performance ------------- Evolutions (2) 1000 Regions Visited (3) 600 Robots Destroyed (70) 350 Value Destroyed (1934) 1934 Prototype IDs (1) 20 Alien Tech Used (0) 0 Bonus (58) 58 TOTAL SCORE: 3962 Bonus ------- High Alert Combat Kills 58 Cogmind --------- Core Integrity 429/550 Matter 16/300 Energy 4/140 System Corruption 0% Temperature Cool (6) Movement Treading (160) Location -8/Materials Parts ------- > --- POWER (1) -------- Light Deuterium Engine > --- PROPULSION (4) --- Light Treads Improved Treads Improved Treads > --- UTILITY (4) ------ Visual Processing Unit Sensor Array Shield Generator > --- WEAPON (2) ------- Flak Cannon > --- INVENTORY (5) ---- Improved Treads Improved Treads Hardened Light Armor Plating Flak Cannon Grenade Launcher Peak State ------------ > --- POWER ------------ Improved Ion Engine > --- PROPULSION ------- Improved Treads Improved Treads Improved Treads Improved Treads > --- UTILITY ---------- Visual Processing Unit Sensor Array Light Armor Plating Shield Generator > --- WEAPON ----------- Flak Cannon Flak Cannon > --- INVENTORY -------- Light Deuterium Engine Improved Treads Hardened Light Armor Plating Grenade Launcher Grenade Launcher [Rating: 22] Favorites ----------- Power Improved Ion Engine Engine Improved Ion Engine Power Core Light Nuclear Core Propulsion Aluminum Leg Treads Improved Treads Leg Aluminum Leg Utility Small Storage Unit Device Shield Generator Storage Small Storage Unit Processor Visual Processing Unit Hackware Hacking Suite Protection Light Armor Plating Weapon Light Assault Rifle Energy Gun Small Laser Ballistic Gun Light Assault Rifle Ballistic Cannon Flak Cannon Launcher Grenade Launcher Special Weapon Mining Laser Build | -11 -10 -9 -8 ------- Run | Yrd Mat Mat Mat Slots Evolved 4 | . . 2 2 Power . | . . . . Propulsion 2 | . . 2 . Utility 2 | . . . 2 Weapon . | . . . . Parts Attached 65 | 6 12 36 11 Power 8 | 1 2 4 1 Engine 6 | 1 . 4 1 Core 2 | . 2 . . Reactor . | . . . . Propulsion 22 | 2 4 13 3 Treads 10 | 2 . 5 3 Leg 12 | . 4 8 . Wheel . | . . . . Hover . | . . . . Flight . | . . . . Utility 9 | 1 3 3 2 Device 2 | . . 1 1 Storage 3 | 1 2 . . Processor 1 | . . . 1 Hackware 1 | . 1 . . Protection 2 | . . 2 . Artifact . | . . . . Weapon 26 | 2 3 16 5 Energy Gun 14 | . 1 13 . Energy Cannon . | . . . . Ballistic Gun 5 | 2 1 2 . Ballistic Cannon 3 | . . . 3 Launcher 3 | . . 1 2 Special Weapon 1 | . 1 . . Impact Weapon . | . . . . Slashing Weapon . | . . . . Piercing Weapon . | . . . . Special Melee Weapon . | . . . . Unidentified Prototypes 1 | . . 1 . Corrupted Parts 1 | . . 1 . System Corruption 1 | . . 1 . Parts Lost 21 | . 4 13 4 Power 4 | . . 3 1 Propulsion 9 | . 2 6 1 Utility 2 | . . 1 1 Weapon 6 | . 2 3 1 Highest Loss Streak 9 | . 4 9 2 To Critical Strikes . | . . . . Average Slot Usage (%) 93 | . 96 90 93 Engine 7 | . 5 7 8 Core 2 | . 8 1 . Treads 16 | . 5 9 36 Leg 17 | . 21 28 . Device 5 | . . . 18 Storage 8 | . 14 10 . Processor 2 | . . . 9 Hackware 6 | . 12 6 . Protection 3 | . . 3 5 Energy Gun 6 | . 1 14 . Ballistic Gun 8 | . 24 5 . Ballistic Cannon 2 | . . . 7 Launcher 3 | . . 1 8 Naked Turns . | . . . . Heaviest Build 25 | 13 13 21 25 Greatest Support 92 | 40 40 92 92 Greatest Overweight (x) 2 | 1 . 2 . Average Overweight (x) . | . . . . Largest Inventory Capacity 25 | 8 25 8 5 Average Capacity 7 | 7 8 7 5 Most Carried 8 | 5 8 8 5 Average Carried 5 | 2 6 7 4 Final Capacity 8 | 8 8 5 5 Final Carried 7 | 3 7 5 5 Class Distribution -------------------- 70% | Mutant 29% | Scavenger-Mutant Dominant Class ---------------- Mutant | -10/Materials Scavenger-Mutant | -9/Materials Mutant | -8/Materials Resources | -11 -10 -9 -8 ----------- Run | Yrd Mat Mat Mat Matter Collected 1277 | 260 289 377 351 Remotely . | . . . . Salvage Created 1856 | . 378 937 541 Parts 122 | . 28 50 44 Haulers Intercepted 3 | . . 1 2 Recyclers Shooed 7 | . . 5 2 Parts Field Recycled . | . . . . Retrieved Matter . | . . . . Parts Self-Destructed . | . . . . Prevented . | . . . . Kills | -11 -10 -9 -8 ------- Run | Yrd Mat Mat Mat Combat Hostiles Destroyed 47 | . 9 20 18 Melee 3 | . . . 3 Guns 26 | . 7 19 . Cannons 8 | . 2 . 6 AOE 10 | . . 1 9 Classes Destroyed 13 | . 4 6 3 Worker 3 | . . . 3 Builder 9 | . . 3 6 Tunneler 1 | . . 1 . Hauler 3 | . . 1 2 Recycler 2 | . 1 1 . Mechanic 1 | . . . 1 Operator 2 | . 2 . . Watcher 2 | . . 1 1 Swarmer 7 | . 1 6 . Grunt 34 | . 8 11 15 Brawler 2 | . . 1 1 Sentry 3 | . . 2 1 Hunter 1 | . . . 1 Best Kill Streak 8 | . 3 4 8 Combat Bots Only 6 | . 2 4 6 Max Kills in Single Turn 5 | . 2 1 5 Gunslinging 1 | . 1 . . Exploded 2 | . . 1 2 Melee 1 | . . . 1 Uniques/NPCs Destroyed . | . . . . Combat | -11 -10 -9 -8 -------- Run | Yrd Mat Mat Mat Hostile Shots Fired 419 | . 92 167 160 Missed 120 | . 18 45 57 Damage Taken 3476 | . 791 1399 1286 Core 554 | . 211 222 121 Absorbed by Shields 433 | . . . 433 Core Remaining (%) 53 | 100 15 44 . Volleys Fired 208 | . 47 124 37 Largest 2 | . 2 2 2 Hottest 110 | . 100 110 88 Shots Fired 373 | . 88 219 66 Gun 299 | . 82 217 . Cannon 36 | . . . 36 Launcher 32 | . . 2 30 Special 6 | . 6 . . Kinetic 203 | . 79 88 36 Thermal 98 | . 9 89 . Explosive 32 | . . 2 30 Electromagnetic 40 | . . 40 . Robot Hit Streak 11 | . 11 10 6 Robot Miss Streak 15 | . 4 11 15 Penetration Max . | . . . . Secondary Targets 5 | . 3 2 . Max Gunslinging Chain 1 | . 1 1 . Shots Hit Robots 220 | . 58 117 45 Core Hits 155 | . 25 48 82 Critical Kills . | . . . . Critical Parts Destroyed . | . . . . Critical Strikes 1 | . . 1 . Corrupt 1 | . . 1 . Melee Attacks . | . . . . Impact . | . . . . Slashing . | . . . . Piercing . | . . . . Sneak Attacks . | . . . . Combat Hostiles . | . . . . Follow-up Attacks . | . . . . Damage Inflicted 4606 | . 690 1610 2306 Guns 1930 | . 567 1363 . Cannons 548 | . . . 548 Explosions 1916 | . . 192 1724 Melee . | . . . . Ramming 92 | . 3 55 34 Kinetic 1449 | . 546 355 548 Thermal 896 | . 141 755 . Explosive 1776 | . . 52 1724 Electromagnetic 393 | . . 393 . Impact . | . . . . Slashing . | . . . . Piercing . | . . . . Highest Corruption 6 | . . 6 . Average Corruption 5 | . . 5 . Corruption Purged . | . . . . Corruption Blocked . | . . . . Effects 35 | . . 35 . Message Errors 9 | . . 9 . Matter Fused 6 | . . 6 . Heat Flow Errors 4 | . . 4 . Energy Discharges 6 | . . 6 . Parts Fused 1 | . . 1 . Data Loss (minor) 4 | . . 4 . Data Loss (major) 2 | . . 2 . Misfires 2 | . . 2 . Alerts 1 | . . 1 . Overload Shots . | . . . . Overflow Damage 3 | . . 3 . Projectiles . | . . . . Explosions . | . . . . Melee 3 | . . 3 . Knockbacks 16 | . . 2 14 Impact 2 | . . 2 . Kinetic 14 | . . . 14 Secondary . | . . . . Self-Inflicted Damage 186 | . . 49 137 Shots 9 | . . 3 6 Rammed 12 | . . 3 9 Targets Rammed 27 | . 1 11 15 Kicked 9 | . 1 8 . Crushed 6 | . . . 6 Highest Temperature 312 | . 212 312 268 Average Temperature 89 | . 47 103 77 Received Heat Transfer 1332 | . 333 477 522 Effects 2 | . . 2 . Energy Bleed 1 | . . 1 . Interference 1 | . . 1 . Siege Activations . | . . . . Robots Corrupted 1 | . . 1 . Combat Hostiles . | . . . . Parts Fried 2 | . . 2 . Impact Corruptions 1 | . . 1 . Robots Melted . | . . . . Combat Hostiles . | . . . . Parts Melted 2 | . . 2 . Heat Transferred 1855 | . 300 1555 . Parts Sabotaged . | . . . . Parts Stolen . | . . . . Parts Stripped . | . . . . Power Chain Reactions 3 | . . 3 . Alert | -11 -10 -9 -8 ------- Run | Yrd Mat Mat Mat Peak Influence 557 | . 175 283 557 Initial 62 | . . . 62 Average 130 | . 85 147 245 Maximum Alert Level 2 | . . 1 2 Low Security (%) 82 | 100 100 79 56 Level 1 9 | . . 20 8 Level 2 8 | . . . 34 Level 3 . | . . . . Level 4 . | . . . . Level 5 . | . . . . High Security . | . . . . Max Security . | . . . . Squads Dispatched 6 | . 1 1 4 Investigation 1 | . 1 . . Extermination . | . . . . Reinforcement 5 | . . 1 4 Assault . | . . . . Garrison . | . . . . Intercept . | . . . . Searches Triggered . | . . . . Construction Impeded 3 | . . . 3 Haulers Reinforced . | . . . . Active Scanning Responses . | . . . . Cargo Convoy Interrupts . | . . . . Stealth | -11 -10 -9 -8 --------- Run | Yrd Mat Mat Mat Distress Signals 10 | . 2 6 2 Communications Jammed . | . . . . Distress Signals . | . . . . Times Spotted 99 | . 25 37 37 Peak Tracking Total 8 | . 6 8 8 Tactical Retreats 4 | . . 3 1 Traps | -11 -10 -9 -8 ------- Run | Yrd Mat Mat Mat Traps Triggered 1 | . 1 . . Indirectly . | . . . . Trap Hack Attempts . | . . . . Triggered . | . . . . Disarmed . | . . . . Reprogrammed . | . . . . Reused . | . . . . Traps Extracted . | . . . . Installed . | . . . . Triggered . | . . . . Machines | -11 -10 -9 -8 ---------- Run | Yrd Mat Mat Mat Machines Disabled 5 | . . 4 1 Max in Single Turn 1 | . . 1 1 Machines Repaired . | . . . . Machines Dismantled . | . . . . Machines Sabotaged . | . . . . Overloaded Fab Kills . | . . . . Hacking | -11 -10 -9 -8 --------- Run | Yrd Mat Mat Mat Machines Accessed 7 | . 4 2 1 Terminals 5 | . 3 1 1 Fabricators . | . . . . Repair Stations . | . . . . Recycling Units 2 | . 1 1 . Scanalyzers . | . . . . Garrison Access . | . . . . Total Hacks 18 | . 9 4 5 Successful 17 | . 9 3 5 Failed 1 | . . 1 . Catastrophic . | . . . . Database Lockouts . | . . . . Manual . | . . . . Terminals 13 | . 6 2 5 Fabricators . | . . . . Repair Stations . | . . . . Recycling Units 5 | . 3 2 . Scanalyzers . | . . . . Garrison Access . | . . . . Terminal Hacks 12 | . 6 1 5 Record 8 | . 3 . 5 Alert Level 1 | . 1 . . Dispatch Records 1 | . 1 . . Zone Layout 2 | . 1 1 . Fabricator Hacks . | . . . . Repair Station Hacks . | . . . . Recycling Unit Hacks 5 | . 3 2 . Process 1 | . 1 . . Report Inventory 2 | . 1 1 . Retrieve Matter 1 | . 1 . . Retrieve Components 1 | . . 1 . Scanalyzer . | . . . . Garrison Access Hacks . | . . . . Unauthorized Hacks . | . . . . Terminals . | . . . . Fabricators . | . . . . Repair Stations . | . . . . Recycling Units . | . . . . Scanalyzers . | . . . . Garrison Access . | . . . . Data Cores Recovered 2 | . 2 . . Used . | . . . . Hacking Detections 4 | . 1 2 1 Full Trace Events . | . . . . Feedback Events . | . . . . Feedback Blocked . | . . . . Robot Schematics Acquired . | . . . . Robots Built . | . . . . Authchips . | . . . . Time . | . . . . Total Robot Build Rating . | . . . . Part Schematics Acquired . | . . . . Parts Built . | . . . . Authchips . | . . . . Time . | . . . . Total Part Build Rating . | . . . . Parts Repaired . | . . . . Time . | . . . . Parts Recycled . | . . . . Recycled Matter 465 | . 465 . . Retrieved Matter 509 | . 509 . . Retrieved Components 10 | . . 10 . Parts Scanalyzed . | . . . . Part Schematics Acquired . | . . . . Parts Damaged . | . . . . Bothacking | -11 -10 -9 -8 ------------ Run | Yrd Mat Mat Mat Used RIF Installer . | . . . . Robots Hacked . | . . . . Non-combat . | . . . . Combat . | . . . . Robot Hacks Applied . | . . . . Relay Couplers Released . | . . . . Fabnet Peak Effective % . | . . . . Robots Rewired . | . . . . Allies Hacked . | . . . . Hacks Repelled . | . . . . Allies | -11 -10 -9 -8 -------- Run | Yrd Mat Mat Mat Total Allies . | . . . . Largest Group . | . . . . Highest-Rated Group . | . . . . Highest-Rated Ally . | . . . . Total Orders . | . . . . Ally Attacks . | . . . . Total Damage . | . . . . Kills . | . . . . Allies Corrupted . | . . . . Allies Melted . | . . . . Intel | -11 -10 -9 -8 ------- Run | Yrd Mat Mat Mat Robot Analysis Total . | . . . . Derelict Logs Recovered . | . . . . Drone Launches . | . . . . Drone Recoveries . | . . . . Exploration | -11 -10 -9 -8 ------------- Run | Yrd Mat Mat Mat Turns Passed 3656 | 694 814 1234 914 Spaces Moved 1924 | 371 507 576 470 Core 45 | 37 . 8 . Treads 1103 | 334 59 240 470 Legs 776 | . 448 328 . Wheels . | . . . . Hover . | . . . . Flight . | . . . . Fastest Speed 50 | 50 120 120 160 Average Speed 141 | 149 124 137 160 Slowest Speed 160 | 160 160 160 160 Overloaded Moves . | . . . . Propulsion Burnouts . | . . . . Robots Hopped . | . . . . Cave-ins Triggered . | . . . . Exploration Rate (%) 34 | 23 53 37 23 Regions Visited 3 Branch Regions . Pre-discovered Areas . | . . . . Known Exits Taken . | . . . . Unknown Exits Taken 3 | 1 1 1 . Scrap Searched . | . . . . Spaces Dug . | . . . . Terrain Destroyed 170 | . . 35 135 Melee . | . . . . Projectile . | . . . . AOE 170 | . . 35 135 Terrain Rammed . | . . . . Walls Destroyed . | . . . . Machines Disabled . | . . . . Actions | -11 -10 -9 -8 --------- Run | Yrd Mat Mat Mat Total 2488 | 510 601 823 554 Wait 152 | 123 1 16 12 Move 1921 | 370 506 575 470 Hop . | . . . . Pick Up 74 | 10 21 37 6 Fast Attach . | . . . . Attach 37 | 6 6 22 3 Detach 1 | . 1 . . Swap 28 | . 6 14 8 Drop 40 | 1 12 24 3 Fire 208 | . 47 124 37 Melee . | . . . . Ram 2 | . . 2 . Kick 9 | . 1 8 . Crush 16 | . . 1 15 Escape Stasis . | . . . . Rewire . | . . . . Trap . | . . . . Miscellaneous . | . . . . Route ------- -11/Scrapyard -10/Materials (discovered 2 exits: *Mat / [*Min]) -9/Materials -8/Materials History --------- Turn | Location | Event 2 | -11/Scrapyard | Met Revision 17 12 | -11/Scrapyard | Discovered new exit (range 15) 695 | -11/Scrapyard | Entered Materials 696 | -10/Materials | Build established: Mutant 1052 | -10/Materials | Discovered new exit (range 7) 1364 | -10/Materials | Core integrity fell below 50% 1387 | -10/Materials | Core integrity fell below 20% 1413 | -10/Materials | Lost 4 parts (2n2w) 1485 | -10/Materials | Discovered new exit (range 16) 1509 | -10/Materials | Entered another Materials area 1509 | -9/Materials | Evolved 2 slots: Propulsion x2 1729 | -9/Materials | Build established: Scavenger-Mutant 2254 | -9/Materials | Lost 9 parts (2p4n3w) 2269 | -9/Materials | Core integrity fell below 50% 2578 | -9/Materials | Discovered new exit (range 14) 2743 | -9/Materials | Entered another Materials area 2743 | -8/Materials | Evolved 2 slots: Utility x2 2925 | -8/Materials | Build established: Mutant 3657 | -8/Materials | Self-destructed Last Messages --------------- Penetrated by Slug. The unstable cave ceiling collapses. U-05 Engineer builds a Wall. Crushed A-02 Transporter. A-02 Transporter destroyed. Penetrated by Slug. Acquired 26 matter. U-05 Engineer builds a Wall. Acquired Lgt. Treads. U-05 Engineer lays Concrete. Slug penetrates Wall. Penetrated by Slug. H-55 Commando knocked back. H-55 Commando destroyed. U-05 Engineer builds a Wall. U-05 Engineer lays Concrete. U-05 Engineer builds a Wall. Slammed into R-06 Scavenger. Critical hit (Burn: +26). Lgt. Treads destroyed. Map ----- +----------------------------------------------------+ | ???????????????# # # # #??????????? | | ???????????????# # =# ## ##?????????? | | ???????????????# # # # # #?????????? | | ???????????????# # !# # # ##?????????? | | ???????????????# ### ###### # ##??????????? | | ???????????????####### # ######/######????????? | | ?????????????????????# !# #*## ! #????????? | | ?????????????????????# # #=## #????????? | | ?????????????????????# # # # """ #????????? | | ?????????????????????# #=#### """"" #????????? | | ?????????????????????# # ## """"" #????????? | | ?????????????????????## # / """"" #????????? | | ??????????????????????# #u ## """ #????????? | | ????????????????? ## ## #????????? | | ???????????????""" ## gg## #????????? | | ???????????????""" # w ##+####+###???????? | | ????????????????"" ?# #???????? | | ??????????????? ?+ +???????? | | ???????????????""" ? # g" #???????? | | ???????????????""" ! # %%" " #???????? | | ????????????????"" ?# """ " #???????? | | ????????????????? ??# """"" +???????? | | ??????????????########## """"" #???????? | | ??????????????# # """" #???????? | | ??????????????# # """"" #???????? | | ??????????????# """ # @ ####????? | | ??????????????# """"" # r #????? | | ??????????????# """"" + #????? | | ??????????????# """"" # #????? | | ??????????????# """ # !! #### #????? | | ??????????????# # !! #??# #????? | | ??????????????# # ! #??# #????? | | ??????????????########## #??# #????? | | ??????????????# #???# #??# #????? | | ??????????????# ! #???# ##+###### #????? | | ??????????????# #???# # ## ###### | | ??????????????# ##### # ## # ! # | | ??????????????# + # ## # # | | ??????????????#" # # ## # # | | ??????????????#T # # ## # # | | ??????????????#" #+######## # ## + # | | ??????????????# !# # ##+###### # / =# | | ??????????????###### # ## #????# # [ # | | ???????????????????# + ## #????# # # | | ???????????????????# # ##+###### # # | | ???????????????????# # # ## ###### | | ??????????????###### # #/ ## #????? | | ??????????????# # # # """ ## #????? | | ??????????????# # # + """ ## #????? | | ??????????????# # # # """ ## #????? | +----------------------------------------------------+ Best States ------------- Heat Dissipation 31 Energy Generation 14 Energy Capacity 265 Matter Stores 300 Matter Capacity 300 Sight Range 18 Robot Scan Range 14 Terrain Scan Density 10 Armor Coverage 150 Evasion (%) 55 Recoil Reduction 4 Offensive Hacking 10 Item Schematics ----------------- None Robot Schematics ------------------ None Fabricated ------------ Nothing Alien Tech Used ----------------- None Achievements -------------- Hey, That's Mine! More Dakka Please Oops Power Corrupts Challenges ------------ None Game ------ Seed GodTerrainReplicator Manual? 0 Play Time 01:02:21 Cumulative 3.1 hours Start 2024.04.02 @ 00:52:30 End 2024.04.03 @ 22:28:09 Sessions 3 Manual Loads 0 Difficulty Rogue Special Mode None Game No. 3 Rogue 3 Adventurer 0 Explorer 0 Win Type - Total 0 Types 0/0/0/0/0/0/0/0/0 Lore% 1 Gallery% 5 Achievement% 7 Wizard Run 0 Options --------- Layout 1 ASCII 0 Keyboard 0 Movement Arrows Keybinds 0 Fullscreen 1 Font 32/SmallcapsGlow Map View 50x35 Zoom Use 0% Tactical HUD 0 Map Filters NONE Filters NONE Steam 1 RUN: f156fd42-2150-4eba-91df-fb0e1acbff48